 Dungeon Crawl Stone Soup version 0.27-b1-41-gafb5482f4b (webtiles) character file.

Game seed: 2365679291942974901

30 hawla the Sneak (level 3, -1/22 HPs)
             Began as a Deep Elf Delver on July 28, 2021.
             Slain by an ice beast (7 damage)
             ... on level 6 of the Dungeon.
             The game lasted 00:02:30 (186 turns).

hawla the Sneak (Deep Elf Delver)                    Turns: 186, Time: 00:02:30

Health: -1/22      AC:  3    Str:  9    XL:     3   Next: 5%
Magic:  6/6        EV: 12    Int: 15    God:
Gold:   6          SH:  0    Dex: 16    Spells: 4/4 levels left

rFire    . . .     SeeInvis .   a - +0 short sword
rCold    . . .     Faith    .   (no shield)
rNeg     . . .     Spirit   .   b - +0 leather armour
rPois    .         Reflect  .   (no helmet)
rElec    .         Harm     .   (no cloak)
rCorr    .         Rampage  .   (no gloves)
Will     .....                  (no boots)
Stlth    +++.......             (no amulet)
HPRegen  0.07/turn              (no ring)
MPRegen  0.10/turn              (no ring)

@: no status effects
A: no striking features
a: no special abilities


You were on level 6 of the Dungeon.
You visited 1 branch of the dungeon, and saw 4 of its levels.

You collected 6 gold pieces.

Inventory:

Hand Weapons
 a - a +0 short sword (weapon)
Missiles
 h - 21 poisoned darts (quivered)
Armour
 b - a +0 leather armour (worn)
Wands
 g - a wand of digging (3)
Scrolls
 c - a scroll of fog
Potions
 f - a potion of haste


   Skills:
 + Level 2.6 Fighting
 + Level 2.2 Short Blades
 + Level 0.7 Throwing
 + Level 2.8 Dodging
 + Level 6.2 Stealth
 + Level 1.1 Spellcasting
 + Level 0.8 Evocations


You had 4 spell levels left.
You didn't know any spells.
Your spell library was empty.

Dungeon Overview and Level Annotations

Branches:
Dungeon (5/15)
 Temple: D:4-7

Altars:
Ashenzari
Gozag
Okawaru

Annotations:
D:3 Sigmund


Message History

The adder bites you.
You hit the adder.
The adder is moderately wounded.
The adder closely misses you.
You hit the adder but do no damage.
The adder is moderately wounded.
The ogre shouts!
The adder barely misses you. The adder bites you.
As you read the scroll labelled UGUSTR ATITTONY, it crumbles to dust.
You speak a Word of immense power!
It was a scroll of holy word.
The adder bites you. The adder bites you but does no damage.
A bullfrog comes into view.
The adder barely misses you.
The bullfrog gives a loud, deep croak!
The bullfrog barely misses you. The adder bites you but does no damage.
The adder misses you. The bullfrog barely misses you. The bullfrog misses you.
The bullfrog hits you. The bullfrog hits you. The bullfrog barely misses you.
The bullfrog closely misses you.
The bullfrog hits you but does no damage.
Found a stone staircase leading down.
An ice beast comes into view.
The bullfrog barely misses you.
The bullfrog hits you but does no damage.
The bullfrog hits you.
There is a stone staircase leading down, spattered with blood here.
The ice beast barely misses you.
Found a scroll labelled NUMAZ OBOOZO.
The bullfrog hits you.
* * * LOW HITPOINT WARNING * * *
An iguana comes into view.
The bullfrog swells and bulges.
The bullfrog releases a deep croak.
The bullfrog releases a deep croak.
The ice beast hits you.
* * * LOW HITPOINT WARNING * * *
The ice beast freezes you!
You die...

#### ... #.###
#####
####?@Y###...#
..l......FSO...#
##.###...###...#
##.## ##>## #.#
#.# #.# #.# #.#
#O# ##.# #.# .
###.#


You could see an ice beast, an ogre, a bullfrog, an iguana (asleep) and an
adder.

Vanquished Creatures
  A jelly (D:4)
  A quokka (D:4)
2 creatures vanquished.

Notes
Turn   | Place    | Note
-------+----------+-------------------------------------------
     0 | D:5      | hawla the Deep Elf Delver began the quest for the Orb.
     0 | D:5      | Reached XP level 1. HP: 13/13 MP: 3/3
    33 | D:4      | Noticed a jelly
    37 | D:4      | Killed a jelly
    38 | D:4      | Reached skill level 1 in Spellcasting
    38 | D:4      | Reached XP level 2. HP: 18/18 MP: 3/5
    38 | D:4      | Reached XP level 3. HP: 22/22 MP: 3/6
    98 | D:3      | Noticed Sigmund
   108 | D:3      | Found an opulent altar of Gozag.
   109 | D:3      | Found a broken altar of Ashenzari.
   111 | D:3      | Found an iron altar of Okawaru.
   141 | D:3      | You fall into a shaft and drop 3 floors!
   147 | D:6      | Noticed an ogre
   158 | D:6      | Noticed a bullfrog
   176 | D:6      | Noticed an ice beast
   186 | D:6      | Slain by an ice beast

Illustrated notes

Levels and vault maps discovered:
D:3:      cheibrodos_old_hovel, layout_loops_corners, lemuel_round_altar,
          chequers_temple_overflow_statue_of_worship, uniq_crazy_yiuf_cottage,
          uniq_sigmund, uniq_grinder
D:4:      layout_basic, uniq_menkaure, uniq_duvessa
D:5:      kennysheep_big_flooded_room, layout_basic, minivault_14
D:6:      layout_loops_ring, minmay_temple_entry_statues_fountains,
          palyth_stone_intersect, uniq_blork_the_orc, uniq_pikel

Skill      XL: |  1 |
---------------+----+-----
Spellcasting   | 1 |  1.1
Fighting       | |  2.6
Short Blades   | |  2.2
Throwing       | |  0.7
Dodging        | |  2.8
Stealth        | |  6.2
Evocations     | |  0.8

Action                   || total
-------------------------++-------
Melee: Short sword       ||     7
  Use: Scroll            ||     3
 Stab: Sleeping          ||     3
Armor: Leather armour    ||     4
Dodge: Dodged            ||    13
